 Dungeon Crawl Stone Soup version 0.30-a0-782-ge64f9170bb (webtiles) character file.

Game seed: 3948722337596224754

1814908 Flugkiller the Archmage (level 27, 205/205 HPs)
             Began as a Djinni Hexslinger on Mar 13, 2023.
             Was the Champion of Ru.
             Escaped with the Orb
             ... and 3 runes!
             The game lasted 01:58:38 (56036 turns).

Flugkiller the Archmage (Djinni Hexslinger)        Turns: 56036, Time: 01:58:38

Health: 205/205    AC: 18    Str: 17    XL:     27
Gold:   5520       EV: 24    Int: 29    God:    Ru [******] SH: 27 Dex: 19

rFire   + + .      SeeInvis +    I - staff of cold
rCold   + + .      Faith    .    L - +5 kite shield {rC+ rF+}
rNeg    + . .      Spirit   .    M - +4 troll leather armour {Snorg}
rPois   ∞          Reflect  +    l - +2 hat
rElec   +          Harm     .    A - +2 cloak {Will+}
rCorr   .          Rampage  .    O - +2 pair of gloves of Henotheism {rElec rN+ Will+ SInv}
Will    +++++      Clarity  +    (boots unavailable) Stlth
                                 y - amulet of reflection
HPRegen 1.34/turn                N - ring "Inorid" {Will+ Str+6 Int+4 Dex+3}
MPRegen 0.00/turn                Q - ring "Ytholah" {Ice Str+2}

@: flying
A: sickness immunity, clumsy 1, fire resistance 2, cold vulnerability 1,
inability to read after injury 2, no stealth, inability to use devices,
inability to train armour, missing an eye, float, innate caster, HP casting,
extra vitality 1, iridescent scales 2, large bone plates 1, clarity, deformed
body, inability to drink after injury 1
0: Orb of Zot
}: 3/15 runes: serpentine, barnacled, slimy
a: Renounce Religion, Draw Out Power, Power Leap, Apocalypse


You escaped.
You worshipped Ru.
Ru was exalted by your worship.
You visited 11 branches of the dungeon, and saw 49 of its levels.
You also visited: Ossuary, Bailey and Ice Cave.

You collected 6545 gold pieces.
You spent 1025 gold pieces at shops.

Inventory:

Hand Weapons
 a - a +6 short sword of protection
   (You found it in a bailey)
Missiles
 j - 8 throwing nets
 G - 16 curare-tipped darts (quivered)
Armour
 l - a +2 hat (worn)
   (You took it off Gastronok on level 2 of the Lair of Beasts)
 A - a +2 cloak of willpower (worn)
   (You found it on level 5 of the Dungeon)
 L - a +5 kite shield of resistance (worn)
   (You found it on level 3 of the Lair of Beasts)
 M - a +4 troll leather armour (worn) {Snorg}
   (You found it on level 5 of the Lair of Beasts)
 O - the +2 pair of gloves of Henotheism (worn) {rElec rN+ Will+ SInv}
   (You acquired it on level 14 of the Dungeon)

   rElec:     It insulates you from electricity.
   rN:        It protects you from negative energy.
   SInv:      It lets you see invisible.
   Will:      It increases your willpower.
 T - the +3 leather armour of the Arcane {rElec Int+7}
   (You found it on level 5 of the Pits of Slime)

   Int:       It affects your intelligence (+7).
   rElec:     It insulates you from electricity.
Magical Staves
 u - a staff of earth
   (You found it on level 3 of the Dungeon)
 I - a staff of cold (weapon)
   (You found it on level 7 of the Dungeon)
Jewellery
 f - a ring of protection from fire
   (You took it off a naga warrior on level 1 of the Snake Pit)
 i - a ring of see invisible
   (You took it off a deep elf annihilator on level 3 of the Elven Halls)
 p - a +6 ring of intelligence
   (You found it on level 2 of the Realm of Zot)
 x - a ring of resist corrosion
   (You found it on level 11 of the Dungeon)
 y - an amulet of reflection (around neck)
   (You found it on level 4 of the Lair of Beasts)
 N - the ring "Inorid" (left hand) {Will+ Str+6 Int+4 Dex+3}
   (You found it on level 4 of the Realm of Zot)

   [ring of strength]

   Str:       It affects your strength (+6).
   Int:       It affects your intelligence (+4).
   Dex:       It affects your dexterity (+3).
   Will:      It increases your willpower.
 Q - the ring "Ytholah" (right hand) {Ice Str+2}
   (You took it off Josephina on level 4 of the Depths)

   [ring of ice]

   It enhances your ice magic.
   Str:       It affects your strength (+2).
   rF:        It makes you vulnerable to fire.
   rC:        It protects you from cold.
 R - the ring "Kulex" {rF+ Str-3 Int+6 Slay+4}
   (You took it off a deep elf elementalist on level 3 of the Elven Halls)

   [ring of slaying]

   Str:       It affects your strength (-3).
   Int:       It affects your intelligence (+6).
   Slay:      It affects your accuracy & damage with ranged weapons and melee
   (+4).
   rF:        It protects you from fire.
 U - a ring of wizardry
   (You took it off a green draconian on level 4 of the Depths)
Scrolls
 b - a scroll of fear
 c - 4 scrolls of magic mapping
 e - 6 scrolls of vulnerability
 o - 8 scrolls of fog
 r - 16 scrolls of identify
 t - 27 scrolls of teleportation
 z - 3 scrolls of blinking
 C - 8 scrolls of immolation
 D - 3 scrolls of silence
 F - 2 scrolls of butterflies
 J - 4 scrolls of poison
 K - a scroll of enchant armour
Potions
 d - 5 potions of might
 g - 14 potions of mutation
 h - 3 potions of haste
 k - 5 potions of cancellation
 m - a potion of berserk rage
 n - 8 potions of resistance
 q - 17 potions of curing
 s - 3 potions of brilliance
 v - 4 potions of lignification
 w - 6 potions of heal wounds
 B - 2 potions of invisibility
 H - 9 potions of attraction
 S - 2 potions of ambrosia


   Skills:
 + Level 20.1 Fighting
 - Level 1.5 Ranged Weapons
 - Level 20.0 Dodging
 - Level 13.0 Shields
 O Level 27 Spellcasting


You couldn't memorise any spells.
You knew the following spells:

 Your Spells              Type           Power      Damage    Failure   Level
a - Slow                  Hex            100%       N/A       0%          1
b - Inner Flame           Hex/Fire       100%       N/A       0%          3
c - Portal Projectile     Hex/Tloc       100%       N/A       0%          3
d - Cause Fear            Hex            57%        N/A       0%          4
e - Kiss of Death         Conj/Necr      100%       2d13      0%          1
f - Searing Ray           Conj           100%       2d8       0%          2
g - Call Imp              Summ           100%       N/A       0%          2
h - Flame Wave            Conj/Fire      100%       2d21      0%          4
i - Lee's Rapid Deconstr  Erth           57%        3d26*     0%          5
j - Fireball              Conj/Fire      57%        3d22      0%          5
k - Simulacrum            Ice/Necr       82%        N/A       0%          6
l - Monstrous Menagerie   Summ           57%        N/A       1%          7
m - Summon Hydra          Summ           57%        N/A       1%          7
n - Discord               Hex            57%        N/A       1%          8
o - Dragon Form           Tmut           57%        N/A       1%          7
p - Polar Vortex          Ice            82%        N/A       2%          9
q - Shatter               Erth           57%        3d43*     2%          9
Your spell library was empty.

Dungeon Overview and Level Annotations

Branches:
Dungeon (15/15)            Temple (1/1) D:6            Lair (5/5) D:8
 Shoals (4/4) Lair:3        Snake (4/4) Lair:3        Slime (5/5) Lair:5
    Orc (2/2) D:9             Elf (3/3) Orc:2        Vaults (1/5) D:13
 Depths (4/4) D:15            Zot (5/5) Depths:4    Ossuary (visited)
 Bailey (visited)           IceCv (visited)

Altars:
Ashenzari
Cheibriados
Dithmenos
Elyvilon
Fedhas
Gozag
Hepliaklqana
Makhleb
Nemelex Xobeh
Okawaru
Qazlal
Ru
Trog
Uskayaw
Wu Jian
Xom
Yredelemnul
Zin
The Shining One
Jiyva
Lugonu

Shops:
D:1 [   Orc:2 :*[(*   Elf:1 =   Elf:2 :   Elf:3 [   Shoals:1 ?   Depths:1 :(*

Portals:
Hell: Depths:1 Depths:2 Depths:3 Depths:4
Abyss: Depths:1 Depths:2 Depths:3 Depths:4
Pandemonium: Depths:2 Depths:4
Ziggurat: Depths:2

Annotations:
D:6 2 runed translucent doors, hackum's ghost, amateur FoHu
D:10 2 transporters, hackum's ghost, journeyman FoHu
D:14 1 transporter, gengaozo's ghost, adept OgCA
Lair:4 2 runed translucent doors, Athor's ghost, journeyman VSBr
Shoals:3 3 runed translucent doors, Notanamesir's ghost, adept HOFi
Elf:2 4 runed translucent doors
Elf:3 36 runed doors
Zot:3 36 runed doors


Innate Abilities, Weirdness & Mutations

You are immune to sickness and miasma.
You are immune to poison.
You are clumsy. (Dex -2)
Your flesh is very heat resistant. (rF++)
You are vulnerable to cold. (rC-)
You sometimes lose the ability to read scrolls when taking damage.
You cannot be stealthy.
You cannot study or use magical devices.
You cannot train Armour skill.
You are missing an eye, making it more difficult to aim.
You float through the air rather than walking.
You learn spells naturally, not from books.
Your magical power is your life essence.
You have superior vitality. (+4 MHP)
You are mostly covered in iridescent scales. (AC +4)
You are partially covered in large bone plates. (SH +4)
You possess an exceptional clarity of mind.
Armour fits poorly on your strangely shaped body.
You occasionally lose the ability to drink potions when taking damage.


Message History

Your eight-headed hydra bites the neqoxec.
Your eight-headed hydra bites the neqoxec but does no damage.
Your eight-headed hydra barely misses the neqoxec.
Ethraref comes into view. It is armed with a flaming touch.
Press: ? - help, v - describe, . - travel
Here: Ethraref, armed with a flaming touch The floor.
Unknown command.
Blink to where?
Press: ? - help, Dir - move target
As you read the scroll of blinking, it crumbles to dust.
The neqoxec hits something!
Ethraref moves out of view.
Unknown command.
There is a stone staircase leading up here.
You fly upwards.
There is a stone staircase leading down here.
(D) Dungeon (T) Temple (L) Lair (A) Shoals (P) Snake Pit (M) Slime Pits (O) Orcish Mines (E) Elven Halls (V) Vaults (U) Depths (H) Hell (Z) Zot
Where to? (Enter - D:1 @ (x,y), ? - help)
There is a stone staircase leading up here.
You fly upwards.
Level annotation: 2 runed translucent doors, hackum's ghost, amateur FoHu
There is a stone staircase leading down here.
There is a stone staircase leading up here.
You fly upwards.
There is a stone staircase leading down here.
There is a stone staircase leading up here.
You fly upwards.
There is a stone staircase leading down here.
There is a stone staircase leading up here.
You fly upwards.
There is a stone staircase leading down here.
An orange demon comes into view.
Unknown command.
You see here 5 poisoned darts.
There is a stone staircase leading up here.
You fly upwards.
There is a stone staircase leading down here.
(D) Dungeon (T) Temple (L) Lair (A) Shoals (P) Snake Pit (M) Slime Pits (O) Orcish Mines (E) Elven Halls (V) Vaults (U) Depths (H) Hell (Z) Zot
Where to? (Enter - D:1 @ (x,y), ? - help)
There is a stone staircase leading up here.
You fly upwards.
There is a stone staircase leading down here.
A cherub comes into view.
It is wielding a +1 long sword of flaming.
The cherub's human head shouts!
Unknown command.
Casting: Summon Hydra (safe; 1% risk of failure)
Confirm with . or Enter, or press ? or * to list all spells.
A four-headed hydra appears.
Casting: Summon Hydra (safe; 1% risk of failure)
Confirm with . or Enter, or press ? or * to list all spells.
An eight-headed hydra appears.
The cherub unwields a +1 long sword of flaming.
It stops flaming.
The cherub wields a +0 longbow.
The cherub shoots an arrow.
You reflect the arrow off an invisible shield around you!
The arrow misses the cherub.
The cherub shoots an arrow.
The arrow barely misses you.
The cherub shoots an arrow.
You reflect the arrow off an invisible shield around you!
The arrow hits the cherub!
Your eight-headed hydra misses the cherub.
Your eight-headed hydra bites the cherub but does no damage.
Your eight-headed hydra bites the cherub.
Your eight-headed hydra bites the cherub!
Your eight-headed hydra bites the cherub. x2
Your eight-headed hydra bites the cherub!
Your eight-headed hydra closely misses the cherub.
The cherub is stunned by your conviction and fails to attack.
The cherub unwields a +0 longbow.
The cherub wields a +1 long sword of flaming.
It bursts into flame!
The cherub hits your four-headed hydra with a +1 long sword of flaming!!
The cherub burns your four-headed hydra.
The cherub gores your four-headed hydra.
Your four-headed hydra completely misses the cherub.
Your four-headed hydra bites the cherub but does no damage.
Your four-headed hydra completely misses the cherub. x2
Your eight-headed hydra bites the cherub! x2
Your eight-headed hydra bites the cherub but does no damage.
Your eight-headed hydra bites the cherub. x2
Your eight-headed hydra bites the cherub!
Your eight-headed hydra completely misses the cherub. x2
The cherub hits your eight-headed hydra with a +1 long sword of flaming!
The cherub burns your eight-headed hydra.
The cherub hits your eight-headed hydra.
Your four-headed hydra bites the cherub but does no damage. x2
Your four-headed hydra barely misses the cherub. x2
Your eight-headed hydra misses the cherub.
Your eight-headed hydra bites the cherub. x2
The cherub dies!
You reach down and open the door.
There is an open door here.
Your four-headed hydra disappears in a puff of smoke!
Your eight-headed hydra disappears in a puff of smoke!
There is a staircase leading out of the dungeon here.
Enter note: gg You have escaped!

..# #.##.####
#.#.....####.###.# ..#
#.##.#
#.#######........#
..###.##.#
#.......##.#######
......##.##
#######.##.#
#.####....# #....#
#.####....# #.####
#.##.'....# ##.#
#)#.§#....# #♣# #..#
#)#.##....# #♣@♣ #.##
#...##....### ♣..♣ #.#
....##......##♣..###.#
.#..##....#..##♣.♣#..#
...##########.♣.♣..###
.....# ##.♣#### ..##.#
### ####.## ......#


There were no monsters in sight!

Vanquished Creatures
  Dissolution (Slime:2)
  the Royal Jelly (Slime:5)
  A dread lich (Zot:5)
  An orb of fire (Zot:3)
  The ghost of Sojiosifa the Brawler, a veteran TrSu of Gozag (Zot:4)
  Josephina (Depths:4)
  Margery (Depths:4)
  A Killer Klown (Zot:5)
  A curse toe (Zot:1)
  8 golden dragons
  4 caustic shrikes (Depths:4)
  Nikola (Vaults:1)
  the Enchantress (Depths:3)
  An electric golem (Zot:3)
  Jorgrun (Elf:1)
  Rupert (D:13)
  14 tentacled monstrosities
  2 liches
  9 Orb Guardians (Zot:5)
  A deep elf blademaster (Elf:3)
  4 deep elf master archers (Elf:3)
  4 quicksilver dragons
  Gastronok (Lair:2)
  8 death cobs
  20 acid blobs
  Polyphemus (Shoals:2)
  3 sphinxes
  8 shadow dragons
  A nagaraja (Snake:4)
  A tengu reaver (Depths:1)
  7 azure jellies (Slime:5)
  10 storm dragons
  6 rockslimes
  A revenant (Depths:3)
  10 draconian knights
  3 vault wardens (Vaults:1)
  2 fire giants
  3 draconian scorchers
  6 frost giants
  9 draconian shifters
  A balrug (Depths:1)
  12 deep elf sorcerers (Elf:3)
  2 orc warlords
  4 draconian stormcallers
  5 ghost moths
  6 draconian annihilators
  3 spriggan defenders (Depths:4)
  6 deep elf elementalists (Elf:3)
  A reaper (Depths:4)
  9 quicksilver oozes
  2 ironbound preservers (Vaults:1)
  5 vampire knights
  6 stone giants
  6 deep elf demonologists
  25 very ugly things
  8 green draconians
  An ironbound thunderhulk (Vaults:1)
  Nessos (D:13)
  9 white draconians
  13 yellow draconians
  6 dire elephants (Vaults:1)
  13 red draconians
  13 deep elf annihilators (Elf:3)
  2 minotaurs (Shoals:4)
  5 purple draconians
  5 black draconians
  4 ettins
  Snorg (Lair:5)
  3 jiangshi
  3 merfolk javelineers
  4 deep elf death magi (Elf:3)
  7 fire dragons
  A spriggan zombie (Depths:3)
  An entropy weaver (Vaults:1)
  2 yaktaur captains (Vaults:1)
  8 deep elf high priests (Elf:3)
  7 great orbs of eyes
  5 ice dragons
  2 rakshasas
  Harold (Orc:1)
  A quicksilver dragon skeleton (Depths:3)
  5 salamander tyrants
  6 hydras
  A vault guard (Vaults:1)
  An ogre mage (Orc:2)
  An alligator snapping turtle (Shoals:4)
  A caustic shrike simulacrum (Depths:4)
  5 merfolk avatars
  3 ironbound frosthearts (Vaults:1)
  A catoblepas (Shoals:2)
  7 satyrs
  3 spriggan air magi (Depths:4)
  3 merfolk aquamancers (Shoals:2)
  5 anacondas
  13 naga warriors
  3 boulder beetles
  6 centaur warriors
  3 tengu warriors
  11 death yaks
  9 two-headed ogres
  12 dancing weapons
  2 vampire magi
  9 deep troll shamans
  15 naga sharpshooters
  7 deep troll earth magi
  6 hell knights (Depths:4)
  6 orc high priests
  A spriggan berserker (Depths:2)
  10 shock serpents
  8 deep elf knights
  Sonja (Lair:2)
  A shock serpent (shapeshifter) (D:15)
  A sun demon (Depths:1)
  10 iron trolls
  2 spark wasp zombies (Depths:3)
  5 skysharks
  9 salamander mystics
  28 deep trolls
  11 sea snakes
  3 flayed ghosts
  3 naga ritualists
  11 lindwurms (Vaults:1)
  11 deep elf archers
  5 ironbound convokers (Vaults:1)
  4 wizards
  3 glowing orange brains
  2 golden dragon skeletons (Depths:3)
  25 harpies
  10 orc knights
  31 deep elf zephyrmancers
  A necromancer (Depths:4)
  11 mana vipers
  An oklob plant (Snake:1)
  23 ugly things
  A shadow dragon skeleton (Depths:3)
  A sphinx zombie (Depths:3)
  19 deep elf pyromancers
  16 manticores
  6 shining eyes
  A sphinx skeleton (Depths:3)
  2 tengu skeletons (Depths:3)
  17 moths of wrath
  4 orc sorcerers
  14 fauns
  21 salamanders
  2 fire giant skeletons (Depths:3)
  5 guardian serpents
  6 cyclopes
  A frost giant skeleton (Depths:3)
  2 iron dragon skeletons (Depths:3)
  3 vault sentinels (Vaults:1)
  13 elephants
  8 cane toads
  36 black mambas
  8 merfolk sirens
  2 orange demons (Depths:4)
  19 naga magi
  7 eyes of devastation
  2 gargoyles
  2 smoke demons
  2 water nymphs
  3 ice statues (IceCv)
  A titan simulacrum (Depths:4)
  A hellion (Depths:2)
  A rime drake (Lair:5)
  12 yaktaurs (Vaults:1)
  2 kobold demonologists
  7 unseen horrors
  2 ice devils
  2 komodo dragons (shapeshifter)
  A red devil (Depths:4)
  11 komodo dragons
  An efreet (D:14)
  A tengu conjurer (D:15)
  8 trolls
  3 meliai (D:13)
  3 polar bears (Lair:5)
  3 hellwings
  14 merfolk
  A meliai (shapeshifter) (Depths:2)
  5 hornets
  A queen bee (shapeshifter) (Elf:1)
  7 blink frogs
  4 wind drakes
  6 dream sheep (Shoals:2)
  4 large abominations (Depths:3)
  8 snapping turtles
  4 flying skulls (Depths:3)
  An iron dragon simulacrum (Depths:4)
  67 slime creatures
  2 shadows
  15 spriggans
  4 wraiths
  26 yaks
  A ynoxinul (Depths:4)
  An air elemental (Elf:1)
  20 water elementals
  Grum (D:10)
  A vampire (D:14)
  6 wyverns
  6 basilisks
  8 golden eyes
  2 fire elementals (Elf:2)
  15 humans (D:13)
  2 redbacks (Vaults:1)
  5 steam dragons
  4 vampire mosquitoes (D:13)
  4 chaos spawn
  A glowing shapeshifter zombie (Depths:3)
  48 nagas
  4 wargs
  2 harpy simulacra (IceCv)
  15 water moccasins
  3 small abominations
  A floating eye (Depths:2)
  2 glowing shapeshifter skeletons (Depths:3)
  An ice beast (D:8)
  41 orc warriors
  A black bear (shapeshifter) (D:13)
  4 black bears
  2 sky beasts
  9 wolves
  16 ogres
  17 centaurs
  2 kobold brigands
  A phantom (D:4)
  16 bullfrogs
  2 earth elementals
  A gnoll sergeant (D:12)
  A necrophage (D:4)
  A glowing shapeshifter simulacrum (Depths:4)
  2 scorpions
  3 cane toad simulacra (IceCv)
  7 wights
  3 killer bees (D:6)
  5 electric eels
  A howler monkey (D:5)
  A centaur zombie (Ossuary)
  A crimson imp (D:10)
  3 jellies
  3 hounds
  2 gnoll boudas
  17 orc priests
  An iguana (D:5)
  31 orc wizards
  5 hell rats (Lair:4)
  A polar bear simulacrum (IceCv)
  Robin (D:2)
  3 mummies
  24 gnolls
  11 adders
  A shadow imp (D:5)
  3 white imps
  An ufetubus (D:6)
  3 worms
  A dart slug (D:2)
  70 orcs
  8 ball pythons
  2 bats (D:3)
  8 endoplasms
  11 giant cockroaches
  11 goblins
  12 hobgoblins
  17 jackals
  17 kobolds
  4 quokkas
  5 frilled lizards
  3 gnoll zombies (Ossuary)
  3 goblin zombies (Ossuary)
  3 hobgoblin zombies (Ossuary)
  4 orc zombies (Ossuary)
  4 rats
1788 creatures vanquished.

Vanquished Creatures (collateral kills)
  A dread lich (Zot:5)
  3 orbs of fire (Zot:5)
  2 Killer Klowns (Zot:5)
  A golden dragon (Zot:5)
  A profane servitor (Zot:5)
  A Tzitzimitl (Zot:5)
  An electric golem (Zot:5)
  A Hell Sentinel (Zot:3)
  3 tentacled monstrosities
  14 Orb Guardians
  2 acid blobs (Slime:5)
  A deep elf blademaster (Elf:3)
  3 death cobs
  Frances (Elf:1)
  3 shadow dragons
  6 storm dragons
  A draconian monk (Zot:5)
  A daeva (Zot:1)
  A draconian knight (Zot:2)
  A draconian scorcher (Zot:5)
  A fire giant (Depths:3)
  An orc warlord (Elf:1)
  A draconian stormcaller (Zot:5)
  A draconian annihilator (Zot:5)
  A quicksilver ooze (Slime:5)
  A white draconian (Zot:2)
  A minotaur (Shoals:4)
  2 green draconians (Zot:5)
  2 purple draconians
  A yellow draconian (Zot:5)
  A red draconian (Zot:5)
  A merfolk javelineer (Shoals:4)
  A merfolk impaler (Shoals:4)
  A great orb of eyes (Slime:5)
  5 satyrs (Shoals:4)
  2 deep troll shamans (Depths:4)
  A sea snake (Shoals:4)
  A cherub (D:1)
  2 deep trolls (Depths:4)
  A deep elf zephyrmancer (Elf:3)
  A harpy (Shoals:4)
  8 fauns (Shoals:4)
  2 shining eyes (Slime:5)
  2 manticores (Shoals:4)
  4 moths of wrath
  A water nymph (Shoals:4)
  A rust devil (D:12)
  4 merfolk (Shoals:4)
  A wind drake (Shoals:4)
  A spriggan (Depths:3)
  6 slime creatures (Slime:5)
  2 orcs (Orc:2)
109 creatures vanquished.

Vanquished Creatures (others)
  An ancient lich (Zot:5)
  2 tentacled monstrosities
  A draconian monk (Zot:3)
  A draconian stormcaller (Zot:5)
  A fire dragon (D:13)
  A jiangshi (Depths:1)
  A merfolk impaler (Shoals:4)
  A satyr (Shoals:4)
  A two-headed ogre (D:13)
  An iron troll (Depths:3)
  A sea snake (Shoals:4)
  A deep elf archer (Elf:1)
  2 harpies (Shoals:4)
  A manticore (Shoals:4)
  A faun (Shoals:4)
  A black mamba (Snake:4)
  A golden dragon simulacrum (Depths:4)
  A troll (Orc:1)
  2 slime creatures
  An orc warrior (Orc:2)
  An ogre (Orc:2)
  A centaur (D:13)
  A hound (D:8)
  34 fungi
  128 plants
188 creatures vanquished.

Grand Total: 2085 creatures vanquished

Notes
Turn   | Place    | Note
-------+----------+-------------------------------------------
     0 | D:1      | Flugkiller the Djinni Hexslinger began the quest for the
                  | Orb.
     0 | D:1      | Flugkiller set off with the following spells memorised:
                  | Slow, Inner Flame, Portal Projectile, Cause Fear.
     0 | D:1      | Reached XP level 1. HP: 17/17 MP: 0/0
   225 | D:1      | Reached XP level 2. HP: 23/23 MP: 0/0
   497 | D:1      | Reached XP level 3. HP: 20/28 MP: 0/0
   497 | D:1      | Learned a level 1 spell: Kiss of Death
   754 | D:1      | Found Moefus's Antique Armour Boutique.
   897 | D:2      | Noticed Robin
   923 | D:1      | Reached skill level 3 in Spellcasting
  1452 | D:1      | Reached XP level 4. HP: 34/34 MP: 0/0
  1673 | D:2      | Reached XP level 5. HP: 40/40 MP: 0/0
  1673 | D:2      | Learned a level 2 spell: Searing Ray
  2437 | D:2      | Killed Robin
  2974 | D:3      | Reached XP level 6. HP: 44/47 MP: 0/0
  2981 | D:3      | Found a faded altar of an unknown god.
  3378 | D:3      | Reached skill level 4 in Spellcasting
  4194 | D:4      | Reached XP level 7. HP: 24/52 MP: 0/0
  4194 | D:4      | Learned a level 2 spell: Call Imp
  4373 | D:4      | Reached skill level 5 in Spellcasting
  4968 | D:4      | Reached skill level 6 in Spellcasting
  4968 | D:4      | Reached XP level 8. HP: 57/58 MP: 0/0
  5061 | D:5      | Entered Level 5 of the Dungeon
  5161 | D:5      | Found a sand-covered staircase.
  5263 | Ossuary  | Entered an ossuary
  6356 | D:5      | Reached skill level 5 in Fighting
  6531 | D:6      | Reached XP level 9. HP: 48/65 MP: 0/0
  6531 | D:6      | Learned a level 4 spell: Flame Wave
  6704 | D:6      | Reached skill level 5 in Dodging
  6714 | D:6      | Reached skill level 7 in Spellcasting
  6971 | D:6      | Found a staircase to the Ecumenical Temple.
  7061 | Temple   | Entered the Ecumenical Temple
  7087 | Temple   | Became a worshipper of Ru the Awakened
  7189 | D:6      | Found a large runed translucent door.
  7190 | D:6      | Found a large runed translucent door.
  7192 | D:6      | Noticed hackum's ghost (amateur FoHu)
  7653 | D:7      | Reached skill level 8 in Spellcasting
  8265 | D:7      | Found a hazy altar of Hepliaklqana.
  8345 | D:7      | Found a blossoming altar of Fedhas.
  8683 | D:8      | Found a stormy altar of Qazlal.
  8715 | D:8      | Gained mutation: You cannot study or use magical devices.
                  | [Ru sacrifice]
  8715 | D:8      | Reached * piety under Ru
  8715 | D:8      | Reached ** piety under Ru
  8758 | D:8      | Found a shimmering altar of Xom.
  8806 | D:8      | Noticed a two-headed ogre
  8814 | D:8      | Noticed a harpy
  8814 | D:8      | Noticed a troll
  8819 | D:8      | Noticed a queen bee
  8822 | D:8      | a queen bee changed into a yak
  8832 | D:8      | a yak changed into a komodo dragon
  8832 | D:8      | Noticed a komodo dragon (shapeshifter)
  8840 | D:8      | Killed a komodo dragon
  9281 | D:8      | Killed a two-headed ogre
  9282 | D:8      | Reached skill level 9 in Spellcasting
  9282 | D:8      | Reached XP level 10. HP: 49/70 MP: 0/0
  9797 | D:8      | Noticed a purple ugly thing
  9887 | D:8      | Found a staircase to the Lair.
 10344 | D:8      | Killed a purple ugly thing
 10345 | D:8      | Reached skill level 10 in Spellcasting
 10473 | D:8      | Found a burning altar of Makhleb.
 10612 | D:9      | Gained mutation: You sometimes lose your temper in combat.
                  | [potion of mutation]
 10612 | D:9      | Lost mutation: You sometimes lose your temper in combat.
                  | [potion of mutation]
 10612 | D:9      | Gained mutation: You are partially covered in iridescent
                  | scales. (AC +2) [potion of mutation]
 10732 | D:9      | Found a staircase to the Orcish Mines.
 10871 | D:9      | Found a broken altar of Ashenzari.
 10943 | D:9      | Found a flagged portal.
 10956 | Bailey   | Entered a bailey
 10983 | Bailey   | Reached XP level 11. HP: 46/78 MP: 0/0
 10983 | Bailey   | Learned a level 5 spell: Lee's Rapid Deconstruction
 11166 | Bailey   | Noticed a two-headed ogre
 11176 | Bailey   | Killed a two-headed ogre
 11378 | D:9      | Found a shadowy altar of Dithmenos.
 11378 | D:9      | Found a glowing golden altar of the Shining One.
 11378 | D:9      | Found a sparkling altar of Nemelex Xobeh.
 11520 | D:10     | Entered Level 10 of the Dungeon
 11555 | D:10     | Found a transporter.
 11559 | D:10     | Found a bloodstained altar of Trog.
 11568 | D:10     | Noticed hackum's ghost (journeyman FoHu)
 11568 | D:10     | Noticed a deep troll
 11569 | D:10     | Noticed a two-headed ogre
 11648 | D:10     | Noticed a wizard
 11652 | D:10     | Killed a wizard
 11653 | D:10     | Reached skill level 11 in Spellcasting
 11858 | D:10     | Noticed a moth of wrath
 11927 | D:10     | Gained mutation: You occasionally lose the ability to read
                  | scrolls when taking damage. [Ru sacrifice]
 11927 | D:10     | Gained mutation: You sometimes lose the ability to read
                  | scrolls when taking damage. [Ru sacrifice]
 11927 | D:10     | Reached *** piety under Ru
 12144 | D:10     | Found a transporter.
 12312 | D:10     | Noticed a two-headed ogre
 12321 | D:10     | Killed a two-headed ogre
 12372 | D:10     | Noticed Grum
 12382 | D:10     | Killed Grum
 12465 | D:10     | Reached skill level 12 in Spellcasting
 12612 | D:11     | Reached XP level 12. HP: 74/86 MP: 0/0
 12651 | D:11     | Noticed a two-headed ogre
 12657 | D:11     | Killed a two-headed ogre
 13226 | Lair:1   | Entered Level 1 of the Lair of Beasts
 13914 | Lair:2   | Noticed Sonja
 13921 | Lair:2   | Killed Sonja
 14047 | Lair:2   | Gained mutation: You are missing an eye, making it more
                  | difficult to aim. [Ru sacrifice]
 14047 | Lair:2   | Reached **** piety under Ru
 14098 | Lair:2   | Noticed a five-headed hydra
 14101 | Lair:2   | Killed a five-headed hydra
 14111 | Lair:2   | Noticed a six-headed hydra
 14115 | Lair:2   | Killed a six-headed hydra
 14293 | Lair:2   | Reached XP level 13. HP: 88/96 MP: 0/0
 14293 | Lair:2   | Learned a level 5 spell: Fireball
 14307 | Lair:2   | Reached skill level 10 in Fighting
 14663 | Lair:2   | Noticed Gastronok
 14700 | Lair:2   | Killed Gastronok
 14701 | Lair:2   | Reached skill level 10 in Dodging
 15390 | Lair:2   | Reached skill level 13 in Spellcasting
 15999 | Lair:3   | Gained mutation: You cannot be stealthy. [Ru sacrifice]
 15999 | Lair:3   | Reached ***** piety under Ru
 16419 | Lair:3   | Found a staircase to the Snake Pit.
 16749 | Lair:3   | Found a staircase to the Shoals.
 17143 | Lair:4   | Noticed a four-headed hydra
 17157 | Lair:4   | Killed a four-headed hydra
 17159 | Lair:4   | Reached skill level 14 in Spellcasting
 17159 | Lair:4   | Reached XP level 14. HP: 63/105 MP: 0/0
 17785 | Lair:4   | Found a large runed translucent door.
 17957 | Lair:4   | Found a large runed translucent door.
 17959 | Lair:4   | Noticed Athor's ghost (journeyman VSBr)
 18135 | Lair:5   | Entered Level 5 of the Lair of Beasts
 18135 | Lair:5   | Found a stormy altar of Qazlal.
 18233 | Lair:5   | Reached skill level 15 in Spellcasting
 18308 | Lair:5   | Found a staircase to the Slime Pits.
 18313 | Lair:5   | Found a viscous altar of Jiyva.
 18389 | Lair:5   | Reached skill level 1 in Shields
 18540 | Lair:5   | Noticed Snorg
 18543 | Lair:5   | Killed Snorg
 19515 | D:12     | Reached XP level 15. HP: 95/111 MP: 0/0
 19515 | D:12     | Learned a level 6 spell: Simulacrum
 20185 | D:13     | Noticed Rupert
 20185 | D:13     | Noticed Nessos
 20185 | D:13     | Found a gate to the Vaults.
 20292 | D:13     | You are sucked into a shaft and drop 2 floors!
 20292 | D:15     | Entered Level 15 of the Dungeon
 20392 | D:14     | Noticed gengaozo's ghost (adept OgCA)
 20392 | D:14     | Found a transporter.
 20401 | D:14     | Identified the +8 great mace "Ocsoumpofesch" {freeze, SInv}
 20405 | D:14     | Noticed a fire giant
 20431 | D:14     | Gained mutation: You cannot train Armour skill. [Ru
                  | sacrifice]
 20650 | D:13     | Reached skill level 5 in Shields
 21290 | D:13     | Killed Rupert
 21339 | D:13     | Killed Nessos
 22095 | D:14     | Identified a scroll of acquirement
 22095 | D:14     | Acquired the +2 pair of gloves of Henotheism {rElec rN+
                  | Will+ SInv}
 22411 | D:15     | Reached skill level 16 in Spellcasting
 22563 | D:15     | Noticed a frost giant
 22566 | D:15     | a frost giant changed into a shadow dragon
 22566 | D:15     | Noticed a shadow dragon (glowing shapeshifter)
 22570 | D:15     | a shadow dragon changed into a caustic shrike
 22570 | D:15     | Noticed a caustic shrike (glowing shapeshifter)
 22572 | D:15     | a caustic shrike changed into an acid blob
 22572 | D:15     | Noticed an acid blob (glowing shapeshifter)
 22735 | D:15     | Found a staircase to the Depths.
 22925 | Orc:1    | Entered Level 1 of the Orcish Mines
 22931 | Orc:1    | Gained mutation: You are clumsy. (Dex -2) [Ru sacrifice]
 22931 | Orc:1    | Reached ****** piety under Ru
 22984 | Orc:2    | Entered Level 2 of the Orcish Mines
 23063 | Orc:2    | Found Jeogom's General Store.
 23077 | Orc:2    | Reached XP level 16. HP: 84/118 MP: 0/0
 23294 | Orc:2    | Reached skill level 17 in Spellcasting
 23340 | Orc:1    | Found a frozen archway.
 23387 | IceCv    | Entered an ice cave
 23532 | IceCv    | Identified the +1 robe of the Monkey's Uncle {rPois rN+
                  | rCorr}
 24026 | Orc:2    | Found a staircase to the Elven Halls.
 24111 | Orc:2    | Found Elea's Antique Armour Shop.
 24112 | Orc:2    | Found Eroahot's Antique Weapon Shop.
 24114 | Orc:2    | Found Deotz's General Store.
 24114 | Orc:2    | Found Neej's Book Boutique.
 24220 | Orc:1    | Noticed Harold
 24228 | Orc:1    | Killed Harold
 24574 | Orc:2    | Bought a potion of experience for 900 gold pieces
 24574 | Orc:2    | Reached XP level 17. HP: 123/123 MP: 0/0
 24574 | Orc:2    | Learned a level 7 spell: Monstrous Menagerie
 24872 | Snake:1  | Entered Level 1 of the Snake Pit
 25040 | Elf:1    | Entered Level 1 of the Elven Halls
 25176 | Elf:1    | Noticed Jorgrun
 25181 | Elf:1    | Noticed an Ice Fiend
 25196 | Elf:1    | Killed Jorgrun
 25501 | Elf:1    | Reached skill level 18 in Spellcasting
 25787 | Elf:1    | Noticed Frances
 25791 | Elf:1    | Killed Frances
 25792 | Elf:1    | Reached XP level 18. HP: 126/133 MP: 0/0
 25836 | Elf:1    | Found Uguekuc's Jewellery Shoppe.
 26743 | Elf:2    | Found a runed translucent door.
 26747 | Elf:2    | Found Becegaiz's Book Shoppe.
 26906 | Elf:2    | Found a runed translucent gate.
 26912 | Elf:2    | Identified the +5 scale mail of Evolution {rPois Will+
                  | rCorr}
 26919 | Elf:2    | Found a runed translucent gate.
 26920 | Elf:2    | Found a runed translucent gate.
 26990 | Elf:2    | Found a hide-covered altar of Uskayaw.
 27063 | Elf:3    | Entered Level 3 of the Elven Halls
 27065 | Elf:3    | Found Hufull's Armour Boutique.
 27121 | Elf:3    | Found a huge runed gate.
 27121 | Elf:3    | Found a huge runed gate.
 27149 | Elf:3    | Found a huge runed gate.
 27150 | Elf:3    | Found a huge runed gate.
 27151 | Elf:3    | Found a huge runed gate.
 27151 | Elf:3    | Found a huge runed gate.
 27151 | Elf:3    | Found a huge runed gate.
 27151 | Elf:3    | Found a huge runed gate.
 27153 | Elf:3    | Found a huge runed gate.
 27155 | Elf:3    | Found a huge runed gate.
 27155 | Elf:3    | Found a huge runed gate.
 27155 | Elf:3    | Found a huge runed gate.
 27155 | Elf:3    | Found a huge runed gate.
 27155 | Elf:3    | Found a huge runed gate.
 27155 | Elf:3    | Found a huge runed gate.
 27156 | Elf:3    | Found a huge runed gate.
 27157 | Elf:3    | Found a huge runed gate.
 27158 | Elf:3    | Found a huge runed gate.
 27166 | Elf:3    | Found a huge runed gate.
 27166 | Elf:3    | Found a huge runed gate.
 27166 | Elf:3    | Found a huge runed gate.
 27166 | Elf:3    | Found a huge runed gate.
 27166 | Elf:3    | Found a huge runed gate.
 27166 | Elf:3    | Found a huge runed gate.
 27167 | Elf:3    | Found a huge runed gate.
 27168 | Elf:3    | Found a huge runed gate.
 27284 | Elf:3    | Found a huge runed gate.
 27284 | Elf:3    | Found a huge runed gate.
 27284 | Elf:3    | Found a huge runed gate.
 27284 | Elf:3    | Found a huge runed gate.
 27284 | Elf:3    | Found a huge runed gate.
 27284 | Elf:3    | Found a huge runed gate.
 27284 | Elf:3    | Found a huge runed gate.
 27284 | Elf:3    | Found a huge runed gate.
 27284 | Elf:3    | Found a huge runed gate.
 27284 | Elf:3    | Found a huge runed gate.
 27778 | Elf:3    | Noticed a deep elf master archer
 27781 | Elf:3    | Killed a deep elf master archer
 27786 | Elf:3    | Reached skill level 19 in Spellcasting
 27990 | Elf:3    | Noticed a deep elf master archer
 27992 | Elf:3    | Killed a deep elf master archer
 28018 | Elf:3    | Noticed a deep elf master archer
 28026 | Elf:3    | Killed a deep elf master archer
 28162 | Elf:3    | Identified the +1 morningstar "Sobbeid" {flame, rN+}
 28162 | Elf:3    | Identified the ring "Kulex" {rF+ Str-3 Int+6 Slay+4}
 28288 | Elf:3    | Reached XP level 19. HP: 131/140 MP: 0/0
 28288 | Elf:3    | Learned a level 7 spell: Summon Hydra
 28408 | Elf:3    | Identified the +7 great mace of Oxzum {drain, +Blink rPois
                  | rF- Will+++}
 28438 | Elf:3    | Noticed a deep elf blademaster
 28446 | Elf:3    | Killed a deep elf blademaster
 28550 | Elf:3    | Reached skill level 20 in Spellcasting
 28664 | Elf:3    | Noticed a deep elf blademaster
 28675 | Elf:3    | Killed a deep elf blademaster
 28846 | Elf:3    | Identified the +0 plate armour "Xarowiuq" {rN+ Regen+ Int+3
                  | Dex+2}
 28852 | Elf:3    | Identified the +1 short sword of Fomuusel {spect, Will+
                  | Str+3 Int+2 Dex+4}
 29198 | Orc:2    | Bought a warped robe for 125 gold pieces
 29198 | Orc:2    | Identified the +2 robe "Terar" {rF+ Str+3 Int-3 Archmagi}
                  | (You bought it in a shop on level 2 of the Orcish Mines)
 30083 | Snake:1  | Reached skill level 10 in Shields
 31197 | Snake:2  | Reached XP level 20. HP: 136/147 MP: 0/0
 32457 | Snake:3  | Identified the +3 morningstar "Utiopp" {distort, rN+ Will+
                  | Int+2}
 32757 | Snake:3  | Reached skill level 15 in Fighting
 33187 | Snake:4  | Entered Level 4 of the Snake Pit
 33292 | Snake:4  | Found a sacrificial altar of Ru.
 34486 | Snake:4  | Got a serpentine rune of Zot
 34755 | Snake:4  | Acquired 960 gold pieces
 34892 | Shoals:1 | Entered Level 1 of the Shoals
 35125 | Shoals:1 | Reached XP level 21. HP: 135/157 MP: 0/0
 35125 | Shoals:1 | Learned a level 8 spell: Discord
 35227 | Shoals:1 | Found Jakhlolia's Magic Scroll Shoppe.
 35939 | Shoals:2 | Noticed Polyphemus
 35957 | Shoals:2 | Killed Polyphemus
 36709 | Shoals:3 | Found a runed translucent gate.
 36709 | Shoals:3 | Found a runed translucent gate.
 36709 | Shoals:3 | Found a runed translucent gate.
 36750 | Shoals:3 | Reached skill level 21 in Spellcasting
 37409 | Shoals:3 | Noticed Notanamesir's ghost (adept HOFi)
 37425 | Shoals:4 | Entered Level 4 of the Shoals
 37930 | Shoals:4 | Identified the +4 scale mail "Kenur Melo" {Int+3 Dex+2}
 38246 | Shoals:4 | Identified the +0 ring mail of the Hot Ocelot {rF- Will++}
 38317 | Shoals:4 | Got a barnacled rune of Zot
 38662 | Slime:1  | Entered Level 1 of the Pits of Slime
 38668 | Slime:1  | Reached XP level 22. HP: 152/164 MP: 0/0
 38676 | Slime:1  | Reached skill level 22 in Spellcasting
 38694 | Slime:1  | Gained mutation: You are frail. (-10% HP) [a shining eye]
 38771 | Slime:2  | Noticed Dissolution
 38780 | Slime:2  | Killed Dissolution
 38873 | Slime:3  | Gained mutation: Potions are less effective at restoring
                  | your health. [a shining eye]
 39008 | Slime:5  | Entered Level 5 of the Pits of Slime
 39301 | Slime:5  | Noticed the Royal Jelly
 39310 | Slime:5  | Killed the Royal Jelly
 39608 | Slime:4  | Reached skill level 23 in Spellcasting
 39969 | Slime:5  | Gained mutation: You occasionally shout uncontrollably at
                  | your foes. [a shining eye]
 40367 | Slime:5  | Identified the +0 scale mail of the Teacher {rC+}
 40383 | Slime:5  | Identified the +0 battleaxe of Gocuuri {elec, rC+ Int+3
                  | Dex+3}
 40393 | Slime:5  | Identified the +9 longbow of Impermanence {drain, *Slow
                  | rPois rC+ SInv}
 40401 | Slime:5  | Identified the +3 leather armour of the Arcane {rElec
                  | Int+7}
 40427 | Slime:5  | Identified the +7 falchion "Jinup" {flame, rC- rN+ Dex+5}
 40431 | Slime:5  | Got a slimy rune of Zot
 40466 | Slime:5  | Identified the +2 dagger of Youthful Indiscretion {protect,
                  | rCorr Int+2 Dex-4 SInv}
 40502 | Slime:5  | Identified the ring "Yfayl" {rN+ AC+4}
 41182 | Depths:1 | Entered Level 1 of the Depths
 41278 | Depths:1 | Found a one-way gate to the infinite horrors of the Abyss.
 41345 | Depths:1 | Found Zin's Purification Station.
 41345 | Depths:1 | Found a glowing silver altar of Zin.
 41408 | Depths:1 | Found Iruov's Weapon Shoppe.
 41408 | Depths:1 | Found Sitan Favu's Book Emporium.
 41465 | Depths:1 | Found a gateway to Hell.
 41472 | Depths:1 | Identified the +9 broad axe "Ecue" {pain, Str+4}
 41949 | Depths:2 | Paralysed by a floating eye for 4 turns
 41961 | Depths:2 | Reached XP level 23. HP: 83/152 MP: 0/0
 41961 | Depths:2 | Learned a level 7 spell: Dragon Form
 42324 | Depths:2 | Found the necklace of Bloodlust {Fury *Rage Will++ Int-3
                  | Slay+6}
 42326 | Depths:2 | Found a one-way gateway to a ziggurat.
 42632 | Depths:2 | Found a one-way gate leading to the halls of Pandemonium.
 42880 | Depths:2 | Reached skill level 24 in Spellcasting
 43588 | Depths:3 | Identified the +2 falchion of the Charming Traitor {freeze,
                  | *Slow rElec rCorr}
 45327 | Depths:4 | Entered Level 4 of the Depths
 45418 | Depths:4 | Noticed a golden dragon
 45420 | Depths:4 | Noticed a caustic shrike
 45420 | Depths:4 | Noticed a caustic shrike
 45421 | Depths:4 | Noticed a caustic shrike
 45422 | Depths:4 | Killed a golden dragon
 45423 | Depths:4 | Reached XP level 24. HP: 111/157 MP: 0/0
 45423 | Depths:4 | Noticed a caustic shrike
 45425 | Depths:4 | Killed a caustic shrike
 45427 | Depths:4 | Killed a caustic shrike
 45427 | Depths:4 | Killed a caustic shrike
 45428 | Depths:4 | Reached skill level 25 in Spellcasting
 45428 | Depths:4 | Killed a caustic shrike
 45523 | Depths:4 | Identified the ring "Ytholah" {Ice Str+2}
 45523 | Depths:4 | Noticed Josephina
 45532 | Depths:4 | Killed Josephina
 46113 | Depths:4 | Noticed Margery
 46122 | Depths:4 | Killed Margery
 46232 | Depths:4 | Found a gate to the Realm of Zot.
 46353 | Depths:4 | Noticed the Enchantress
 46371 | Depths:3 | Killed the Enchantress
 46936 | Depths:4 | Found a corrupted altar of Lugonu.
 47301 | Zot:1    | Entered Level 1 of the Realm of Zot
 47327 | Zot:1    | Reached skill level 26 in Spellcasting
 47522 | Zot:2    | Noticed a curse toe
 47832 | Vaults:1 | Entered Level 1 of the Vaults
 48187 | Vaults:1 | Noticed Nikola
 48192 | Vaults:1 | Reached XP level 25. HP: 114/162 MP: 0/0
 48192 | Vaults:1 | Learned a level 9 spell: Polar Vortex
 48192 | Vaults:1 | Killed Nikola
 49211 | Vaults:1 | Lost mutation: Potions are less effective at restoring your
                  | health. [potion of mutation]
 49211 | Vaults:1 | Lost mutation: You occasionally shout uncontrollably at
                  | your foes. [potion of mutation]
 49211 | Vaults:1 | Gained mutation: You possess an exceptional clarity of
                  | mind. [potion of mutation]
 49212 | Vaults:1 | Lost mutation: You are frail. (-10% HP) [potion of
                  | mutation]
 49212 | Vaults:1 | Lost mutation: You are partially covered in iridescent
                  | scales. (AC +2) [potion of mutation]
 49212 | Vaults:1 | Gained mutation: Your muscles are strong. (Str +4, Int/Dex
                  | -1) [potion of mutation]
 49212 | Vaults:1 | Gained mutation: You are partially covered in iridescent
                  | scales. (AC +2) [potion of mutation]
 49212 | Vaults:1 | Gained mutation: You are partially covered in large bone
                  | plates. (SH +4) [potion of mutation]
 49707 | Zot:1    | Killed a curse toe
 49912 | Zot:1    | You are sucked into a shaft and drop 1 floor!
 50538 | Zot:2    | Reached skill level 27 in Spellcasting
 50851 | Zot:3    | Noticed an orb of fire
 50854 | Zot:3    | Found a huge runed gate.
 50855 | Zot:3    | Found a huge runed gate.
 50855 | Zot:3    | Found a huge runed gate.
 50856 | Zot:3    | Gained mutation: You are mostly covered in iridescent
                  | scales. (AC +4) [an orb of fire]
 50861 | Zot:3    | Gained mutation: You occasionally lose the ability to drink
                  | potions when taking damage. [an orb of fire]
 50865 | Zot:3    | Killed an orb of fire
 51062 | Zot:3    | Reached skill level 15 in Dodging
 51295 | Zot:3    | Found a huge runed gate.
 51295 | Zot:3    | Found a huge runed gate.
 51295 | Zot:3    | Found a huge runed gate.
 51296 | Zot:3    | Reached XP level 26. HP: 176/190 MP: 0/0
 51912 | Zot:3    | Found a huge runed gate.
 51913 | Zot:3    | Found a huge runed gate.
 51913 | Zot:3    | Found a huge runed gate.
 51913 | Zot:3    | Found a huge runed gate.
 51913 | Zot:3    | Found a huge runed gate.
 51913 | Zot:3    | Found a huge runed gate.
 51914 | Zot:3    | Found a huge runed gate.
 51915 | Zot:3    | Found a huge runed gate.
 51916 | Zot:3    | Found a huge runed gate.
 51930 | Zot:3    | Found a huge runed gate.
 51974 | Zot:3    | Found a huge runed gate.
 52097 | Zot:3    | Found a huge runed gate.
 52098 | Zot:3    | Found a huge runed gate.
 52099 | Zot:3    | Found a huge runed gate.
 52101 | Zot:3    | Found a huge runed gate.
 52103 | Zot:3    | Found a huge runed gate.
 52104 | Zot:3    | Found a huge runed gate.
 52105 | Zot:3    | Found a huge runed gate.
 52113 | Zot:3    | Found a huge runed gate.
 52113 | Zot:3    | Found a huge runed gate.
 52113 | Zot:3    | Found a huge runed gate.
 52113 | Zot:3    | Found a huge runed gate.
 52113 | Zot:3    | Found a huge runed gate.
 52113 | Zot:3    | Found a huge runed gate.
 52114 | Zot:3    | Found a huge runed gate.
 52115 | Zot:3    | Found a huge runed gate.
 52116 | Zot:3    | Found a huge runed gate.
 52124 | Zot:3    | Found a huge runed gate.
 52124 | Zot:3    | Found a huge runed gate.
 52124 | Zot:3    | Found a huge runed gate.
 52797 | Zot:4    | Found a runed translucent door.
 52828 | Zot:4    | Noticed Sojiosifa's ghost (veteran TrSu)
 53074 | Zot:4    | Killed Sojiosifa's ghost
 53087 | Zot:4    | Identified the ring "Inorid" {Will+ Str+6 Int+4 Dex+3}
 53106 | Zot:5    | Entered Level 5 of the Realm of Zot
 53560 | Zot:5    | Noticed an ancient lich
 53616 | Zot:5    | Noticed a Killer Klown
 53629 | Zot:5    | Killed a Killer Klown
 53922 | Zot:5    | Noticed an orb of fire
 53942 | Zot:5    | Gained mutation: Armour fits poorly on your strangely
                  | shaped body. [an orb of fire]
 53945 | Zot:5    | Killed an orb of fire
 53946 | Zot:5    | Reached XP level 27. HP: 116/200 MP: 0/0
 53946 | Zot:5    | Learned a level 9 spell: Shatter
 53973 | Zot:5    | Killed an ancient lich
 54145 | Zot:5    | Noticed a Killer Klown
 54164 | Zot:5    | Killed a Killer Klown
 54455 | Zot:5    | Noticed a dread lich
 54473 | Zot:5    | Killed a dread lich
 54496 | Zot:5    | Noticed an orb of fire
 54542 | Zot:5    | Killed an orb of fire
 54837 | Zot:5    | Noticed a Killer Klown
 54855 | Zot:5    | Killed a Killer Klown
 54998 | Zot:5    | Noticed a dread lich
 55007 | Zot:5    | Killed a dread lich
 55376 | Zot:5    | Noticed an orb of fire
 55380 | Zot:5    | Lost mutation: Your muscles are strong. (Str +4, Int/Dex
                  | -1) [an orb of fire]
 55397 | Zot:5    | Killed an orb of fire
 55419 | Zot:5    | Noticed a dread lich
 55420 | Zot:5    | Got the Orb of Zot
 55722 | Depths:1 | Noticed Laihatwu the pandemonium lord
 55921 | D:8      | Noticed Ethraref the pandemonium lord
 56035 | D:1      | gg
 56036 | D:$      | Escaped with the Orb!

Illustrated notes

..# #.##.####
#.#.....####.###.# ..#
#.##.#
#.#######........#
..###.##.#
#.......##.#######
......##.##
#######.##.#
#.####....# #....#
#.####....# #.####
#.##.'....# ##.#
#)#.§#....# #♣# #..#
#)#.##....# #♣@♣ #.##
#...##....### ♣..♣ #.#
....##......##♣..###.#
.#..##....#..##♣.♣#..#
...##########.♣.♣..###
.....# ##.♣#### ..##.#
### ####.## ......#


Turn 56035 on D:1: gg

Levels and vault maps discovered:
D:1:      pf_arrival_petrified_forest, layout_basic, serial_shops,
          nicolae_shop_stone
D:2:      layout_loops_ring, kennysheep_cluttered_room, kennysheep_doodads,
          minmay_hedge_maze, uniq_robin
D:3:      minmay_skewed_foursquare, layout_basic, serial_curves, eino_curves_01,
          eino_curves_02, eino_curves_04, eino_curves_02,
          shapermc_ecumenical_altar_mp_urbaneastern,
          chequers_serial_rivers_small_b, kennysheep_pointless_box
D:4:      layout_loops_cross
D:5:      layout_loops_ring, gup_ossuary_entry_pyramid, kennysheep_minor_cross
D:6:      layout_loops_ring, minmay_temple_entry_junction,
          ebering_ghost_disaster_area, columned_hall_lemuel
D:7:      layout_cave_pods, worldfamousw_hep_ancestral_shrine, fedhas_altar_1
D:8:      layout_rooms, mainiacjoe_overflow_tiny_flanked, amcnicky_altar_gilded,
          makhleb_blood_cavern_becter, lair_entry_dummy, minmay_the_grid_2x2
          [minmay_the_grid_stretched_grid, minmay_the_grid_minigrid_large,
          minmay_the_grid_expand, minmay_the_grid_prize_shrinking_boxes]
D:9:      layout_roguey, mainiacjoe_overflow_24_doors,
          ashenzari_conservatory_becter, gammafunk_temple_overflow_claw,
          orc_0_dummy, enter_bailey_2
D:10:     layout_loops_corners, gammafunk_ghost_wrathful_warriors,
          lightli_wizard_tower, uniq_grum
D:11:     layout_roguey, led_sif_book
D:12:     layout_basic, chequers_big_river
D:13:     layout_loops_ring, david_vaults_3
D:14:     layout_loops_ring, gammafunk_ghost_smash, grunt_decor_resistance
D:15:     gammafunk_enter_depths_forms, layout_cave_pools,
          hangedman_decor_growths
Temple:   nicolae_temple_no_exploring_needed
Lair:1:   layout_roguey
Lair:2:   nzn_winding_woodlands_small
          [nzn_winding_woodlands_5x15_pathside_ponds,
          nzn_winding_woodlands_center_garden,
          nzn_winding_woodlands_5x15_split_checker], layout_cave_shapes,
          wad_woods_01, grunt_megastairs_5, uniq_sonja, uniq_gastronok
Lair:3:   layout_small_grid, elwin_shoals_entry_stream,
          minmay_snake_entry_guardpost_medium, chequers_serial_rivers_micro_b,
          fungi_pond_lemuel, infiniplex_staircase_pool
Lair:4:   layout_misc_corridors, ebering_ghost_disaster_area,
          grunt_megastairs_1, lemuel_fruit_tree
Lair:5:   gammafunk_lair_ancient_temple, layout_regular_city,
          minmay_slime_entry_pillars, basic_altar, gammafunk_lair_bear_cave,
          uniq_snorg
Shoals:1: layout_shoals, serial_shops, shop
Shoals:2: layout_shoals, uniq_polyphemus
Shoals:3: layout_shoals, ebering_ghost_rock_garden
Shoals:4: shoals_end_hellmonk_lost_city
Snake:1:  nicolae_snake_nest, layout_chambers, dpeg_stationary_puzzle
Snake:2:  cheibrodos_snake_lava_hold, layout_layer_cave
Snake:3:  layout_gridlike
Snake:4:  hellmonk_snake_rune_quicksilver_temple, layout_layer_cave,
          basic_altar, serial_bayou_shore_a
Slime:1:  layout_caves, basic_altar, nicolae_slime_barrier
Slime:2:  layout_caves, uniq_dissolution
Slime:3:  layout_caves
Slime:4:  cheibrodos_slime_lost_civilization_1, layout_caves
Slime:5
Orc:1:    layout_diamond_mine, portal_ice_cave_entry_pillars_2,
          nicolae_orc_sculptors_studio, uniq_harold
Orc:2:    st_orc_congregation, layout_caves, serial_shops, shop
Elf:1:    eino_elf_arrival_the_gate, layout_loops_corners, basic_altar,
          minmay_elf_demonology, minmay_shop_enchanted_jewellery,
          sword_in_stone, uniq_frances, uniq_jorgrun
Elf:2:    nicolae_elf_blades_splatter_lattice [nicolae_blade_bullseye],
          layout_loops_cross, serial_shops, nicolae_stop_n_shop_1, serial_glass,
          glass_columns_a, glass_columns_a, st_stairs_13, minmay_misc_feat_five,
          glass_columns_c, nicolae_danse_macabre
Elf:3:    nooodl_elf_gasket, layout_gridlike, serial_shops, shop,
          not_door_vault_due
Vaults:1: nicolae_vaults_arrows, vaults_mumra_hexcomb, v_misc_25,
          hangedman_vaults_variations, hangedman_vaults_cutoff,
          nicolae_vaults_little_ls, nicolae_vaults_rhombus_6,
          ontoclasm_vaults_gateway, layout_vaults_omnigrid, uniq_nikola
Depths:1: layout_gridlike, lightli_too_deep, abyss_entry, chequers_jeans,
          hangedman_decor_opposing, chequers_serial_rivers_room_b, zin_purify,
          serial_bayou_shore_b, minmay_shoptagon
Depths:2: nicolae_hitomezashi [nicolae_hito_row, nicolae_hito_row,
          nicolae_hito_row, nicolae_hito_row, nicolae_hito_row,
          nicolae_hito_row, nicolae_hito_row, nicolae_hito_row,
          nicolae_hito_row, nicolae_hito_row, nicolae_hito_row,
          nicolae_hito_row, nicolae_hito_row, nicolae_hito_row,
          nicolae_hito_row, nicolae_hito_row, nicolae_hito_row,
          nicolae_hito_row], layout_basic, enter_ziggurat_d, abyss_entry,
          ebering_dispersal_statue_hall, rand_demon_pan_entry_5,
          grunt_hell_entry_dis_grunt
Depths:3: hangedman_screamer, layout_basic, pf_coc_iceberg,
          minmay_room_of_horrors, hangedman_abyss_or_decor_slice
Depths:4: evilmike_zot_entry_diamond, layout_gridlike, abyss_entry_flame_altar,
          grunt_pan_entry_zigzag, pf_hell_entry_great_geh, serial_bayou_shore_b,
          serial_bayou_shore_b, uniq_enchantress, uniq_josephina, uniq_margery
Zot:1:    dreamdust_zin_vs_xom, layout_onion_interference
Zot:2:    layout_cathedral_of_symmetry
Zot:3:    kennysheep_ambush_hall, layout_misc_corridors, not_door_vault_due
Zot:4:    layout_misc_corridors, ebering_ghost_reflecting_pool
Zot:5:    layout_basic, grunt_ministairs_10

Skill      XL: |  1  2  3  4  5  6  7  8  9 10 11 12 13 14 15 16 17 18 19 20 21 22 23 24 25 26 27 |
---------------+----------------------------------------------------------------------------------+-----
Fighting       | 2 3 4 5 6 8 9 11 12 13 14 15 16 19 20 | 20.1
Spellcasting   | 3 4 6 9 10 12 14 15 16 17 18 19 20 21 23 24 26 27 | 27.0
Dodging        | 4 7 9 11 13 14 15 18 20 | 20.0
Shields        | 3 5 10 12 13 | 13.0
Ranged Weapons | |  1.5

Action                     |  1- 3 |  4- 6 |  7- 9 | 10-12 | 13-15 | 16-18 | 19-21 | 22-24 | 25-27 || total
---------------------------+-------+-------+-------+-------+-------+-------+-------+-------+-------++-------
  Melee: Staff             |       |       |       |     3 |       |       |       |     4 |    33 ||    40
   Fire: Sling             |   113 |   157 |    73 |    27 |       |       |       |       |       ||   370
  Throw: Dart              |       |       |       |       |       |     1 |       |       |       ||     1
   Cast: Slow              |    32 |     8 |       |     1 |       |       |       |       |       ||    41
         Inner Flame       |       |     1 |       |     4 |       |       |       |       |       ||     5
         Searing Ray       |       |    26 |    61 |     4 |       |       |       |       |       ||    91
         Call Imp          |       |       |     6 |       |     1 |       |       |       |       ||     7
         Cause Fear        |       |       |     6 |     6 |       |       |       |       |       ||    12
         Flame Wave        |       |       |    14 |    33 |    59 |    33 |     3 |    11 |       ||   153
         Lee's Rapid Decon |       |       |       |   155 |   379 |   304 |   394 |   567 |   139 ||  1938
         Fireball          |       |       |       |       |    17 |    21 |   292 |   188 |    12 ||   530
         Simulacrum        |       |       |       |       |       |     1 |       |       |       ||     1
         Monstrous Menager |       |       |       |       |       |     7 |     3 |     2 |       ||    12
         Summon Hydra      |       |       |       |       |       |       |     4 |    20 |   139 ||   163
         Discord           |       |       |       |       |       |       |    12 |    13 |       ||    25
         Polar Vortex      |       |       |       |       |       |       |       |       |    65 ||    65
 Invoke: Sacrifice Artific |       |       |     1 |       |       |       |       |       |       ||     1
         Sacrifice Words   |       |       |       |     1 |       |       |       |       |       ||     1
         Draw Out Power    |       |       |       |     1 |     2 |     4 |       |     1 |     3 ||    11
         Sacrifice an Eye  |       |       |       |     1 |       |       |       |       |       ||     1
         Sacrifice Stealth |       |       |       |       |     1 |       |       |       |       ||     1
         Apocalypse        |       |       |       |       |     2 |     2 |       |     4 |     5 ||    13
         Reject Sacrifices |       |       |       |       |     1 |       |       |       |       ||     1
         Sacrifice Purity  |       |       |       |       |     1 |       |       |       |       ||     1
         Sacrifice Durabil |       |       |       |       |     1 |       |       |       |       ||     1
         Power Leap        |       |       |       |       |       |       |     1 |       |       ||     1
    Use: Potion            |     1 |     1 |     1 |     4 |     1 |     2 |     1 |     5 |     8 ||    24
         Scroll            |       |     2 |     6 |     8 |    10 |     2 |     6 |     6 |     2 ||    42
   Stab: Invisible         |       |       |       |       |       |       |       |       |     1 ||     1
         Distracted        |       |       |       |       |       |       |       |       |     2 ||     2
 Armour: Robe              |    25 |    34 |    36 |       |       |       |       |       |       ||    95
         Steam dragon scal |       |       |     5 |     5 |       |       |       |       |       ||    10
         Troll leather arm |       |       |       |    31 |    39 |     4 |    33 |    36 |    69 ||   212
  Dodge: Dodged            |    74 |    89 |    98 |    78 |   116 |    39 |    83 |   111 |   192 ||   880
  Block: Kite shield       |       |       |       |       |   100 |    60 |   166 |   241 |   357 ||   924
         Reflection        |       |       |       |       |    13 |    15 |    52 |    12 |    25 ||   117

Table legend: (Time is in decaauts)
 A = Elapsed time spent in this place.
 B = Non-inter-level travel time spent in this place.
 C = Inter-level travel time spent in this place.
 D = Time resting spent in this place.
 E = Time spent auto-exploring this place.
 F = Levels seen in this place.
 G = Mean time per level.
                   A        B        C        D        E       F      G
               +--------+--------+--------+--------+--------+-----+--------+
         Total |  56193 |  51907 |   4286 |  13727 |  26439 |  52 | 1080.6 |
       Dungeon |  16995 |  15392 |   1603 |   4110 |   8305 |  15 | 1133.0 |
        Temple |     33 |     27 |      6 |      0 |      0 |   1 |   33.0 |
          Lair |   6642 |   5843 |    799 |   1182 |   3501 |   5 | 1328.4 |
        Shoals |   3720 |   3567 |    153 |    824 |   2112 |   4 |  930.0 |
     Snake Pit |   5412 |   5262 |    150 |    837 |   3675 |   4 | 1353.0 |
    Slime Pits |   2231 |   2035 |    196 |    813 |    647 |   5 |  446.2 |
  Orcish Mines |   1837 |   1583 |    254 |    143 |    849 |   2 |  918.5 |
   Elven Halls |   4057 |   3841 |    216 |   1105 |   1735 |   3 | 1352.3 |
        Vaults |   1705 |   1597 |    108 |    354 |    939 |   1 | 1705.0 |
        Depths |   6532 |   6059 |    473 |   2100 |   2750 |   4 | 1633.0 |
           Zot |   6186 |   5863 |    323 |   1970 |   1751 |   5 | 1237.2 |
       Ossuary |    325 |    325 |      0 |    135 |     53 |   1 |  325.0 |
        Bailey |    321 |    321 |      0 |     96 |    104 |   1 |  321.0 |
      Ice Cave |    190 |    190 |      0 |     57 |     18 |   1 |  190.0 |
               +--------+--------+--------+--------+--------+-----+--------+

Top non-repeatable levels by time:
   Zot:5: 2258 daAuts
Depths:3: 2087 daAuts
   Elf:3: 2009 daAuts
     D:7: 1843 daAuts
  Lair:3: 1819 daAuts
Depths:4: 1810 daAuts
  Lair:2: 1807 daAuts
   Zot:2: 1742 daAuts
Vaults:1: 1705 daAuts
     D:1: 1664 daAuts
 Snake:2: 1613 daAuts
 Snake:4: 1572 daAuts
Depths:2: 1555 daAuts
   Elf:1: 1403 daAuts
     D:3: 1324 daAuts
